 Dungeon Crawl Stone Soup version 0.28-a0-429-g1448048969 (webtiles) character file.

Game seed: 17583380403198077838

30 robertstho the Magician (level 3, 0/25 HPs)
             Began as a Djinni Fire Elementalist on Sept 10, 2021.
             Slain by Robin (7 damage)
             ... on level 1 of the Dungeon.
             The game lasted 00:01:49 (1436 turns).

robertstho the Magician (Djinni Fire Elementalist)  Turns: 1436, Time: 00:01:49

Health: 0/25       AC:  2    Str:  7    XL:     3   Next: 37%
Gold:   41         EV: 12    Int: 17    God:
                   SH:  0    Dex: 13

rFire   + + .      SeeInvis .   e - +0 dagger
rCold   x . .      Faith    .   (no shield)
rNeg    . . .      Spirit   .   a - +0 robe
rPois   ∞          Reflect  .   (no helmet)
rElec   .          Harm     .   (no cloak)
rCorr   .          Rampage  .   (no gloves)
Will    .....                   (boots unavailable)
Stlth   ++........              (no amulet)
HPRegen 0.08/turn               (no ring)
MPRegen 0.00/turn               (no ring)

@: mighty, flying
A: sickness immunity, fire resistance 2, cold vulnerability 1, float, innate
caster, hp casting, extra vitality 1
a: no special abilities


You were on level 1 of the Dungeon.
You visited 1 branch of the dungeon, and saw 2 of its levels.

You collected 41 gold pieces.

Inventory:

Hand Weapons
 e - a +0 dagger (weapon)
Armour
 a - a +0 robe (worn)
Jewellery
 f - a +4 ring of protection
Scrolls
 d - a scroll of teleportation {unknown}
 g - a scroll of immolation {unknown}
 h - 4 scrolls of identify {unknown}
Potions
 c - a potion of attraction {unknown}


   Skills:
 * Level 0.3 Fighting
 + Level 2.3 Dodging
 + Level 1.7 Stealth
 * Level 3.1 Spellcasting


You couldn't memorise any spells.
You knew the following spells:

 Your Spells              Type           Power      Damage    Failure   Level
a - Foxfire               Conj/Fire      52%        2x1d6     4%          1
b - Scorch                Fire           26%        2d6       7%          2
c - Conjure Flame         Conj/Fire      13%        6-21      14%         3
d - Inner Flame           Hex/Fire       13%        N/A       14%         3
e - Flame Wave            Conj/Fire      13%        3d5       43%         4
f - Sting                 Tmut/Pois      52%        1d5       4%          1
Your spell library was empty.

Dungeon Overview and Level Annotations

Branches:
Dungeon (2/15)

Altars:

Shops:
D:1 (!

Annotations:
D:1 Potion shop 610 short sword, Robin


Innate Abilities, Weirdness & Mutations

You are immune to sickness and miasma.
You are immune to poison.
Your flesh is very heat resistant. (rF++)
You are vulnerable to cold. (rC-)
You float through the air rather than walking.
You learn spells naturally, not from books.
Your magical power is your life essence.
You have superior vitality. (+4 HP)


Message History

Your foxfire dissipates! x2
Unknown command.
Your foxfire dissipates!
Your foxfire dissipates!
Done exploring.
Done exploring.
Done exploring.
Done exploring.
Done exploring.
(D) Dungeon
Where to? (? - help)
There is a stone staircase leading down here.
You fly downwards.
Robin shouts!
The goblin shouts! x8; The hobgoblin shouts! x2
Found two stone staircases leading down.
There is a stone staircase leading up here.
There are monsters nearby!
There are monsters nearby!
There are monsters nearby!
There are monsters nearby!
There are monsters nearby!
The goblin hits you with a +0 dagger. The goblin closely misses you.
Robin hits you with a +5 vorpal falchion.
You fly upwards.
Level annotation: Potion shop 610 short sword
There is a stone staircase leading down here.
Casting: Foxfire (safe; 4% risk of failure)
Confirm with . or Enter, or press ? or * to list all spells.
Okay, then.
Casting: Foxfire (safe; 4% risk of failure)
Confirm with . or Enter, or press ? or * to list all spells.
Flames lash the goblin.
You kill the goblin!
Robin hits you with a +5 vorpal falchion.
The goblin hits you with a +0 dagger.
* * * LOW HITPOINT WARNING * * *
It was a potion of might.
You feel very mighty all of a sudden.
Robin hits you with a +5 vorpal falchion!
You die...

.......#### #.........# #..#
###.##.# #.........# #..##
##.8##.# ###.######## ##....
.8...#.# ##...# #...## #...8..###
#..### ##...# ##8.##...# #.##
##....## ##(###.#.####.#
#####...#...
...........##.########.....)....#
.........#.....g@g)....##....####
..............###########....###.
..........................#......
..........##..##########.....####
.........###..###### ###.....#
.[......(...(......###...##.##
#.#####.####..####......##..# ..#
#.# #.....###........# #+# #.#
#.###..#....##...#####


You could see Robin and a goblin.

Vanquished Creatures
  A dart slug (D:1)
  An endoplasm (D:1)
  4 goblins (D:1)
  5 hobgoblins (D:1)
  4 kobolds (D:1)
  2 quokkas (D:1)
  3 ball pythons (D:1)
  3 bats (D:1)
  2 frilled lizards (D:1)
  2 rats (D:1)
27 creatures vanquished.

Vanquished Creatures (others)
  108 foxfires (D:1)
108 creatures vanquished.

Grand Total: 135 creatures vanquished

Notes
Turn   | Place    | Note
-------+----------+-------------------------------------------
     0 | D:1      | robertstho the Djinni Fire Elementalist began the quest for
                  | the Orb.
     0 | D:1      | Reached XP level 1. HP: 15/15 MP: 0/0
    22 | D:1      | Reached XP level 2. HP: 11/21 MP: 0/0
   546 | D:1      | Reached skill level 3 in Spellcasting
   568 | D:1      | Found Idwuit's Distillery.
   732 | D:1      | Reached XP level 3. HP: 20/25 MP: 0/0
   732 | D:1      | Learned a level 1 spell: Sting
   842 | D:1      | Found Welif's Weapon Shop.
  1432 | D:2      | Noticed Robin
  1436 | D:1      | Slain by Robin

Illustrated notes

Levels and vault maps discovered:
D:1:      minmay_arrival_three_doors, layout_rooms, serial_shops,
          nicolae_square_shop, nicolae_shop_stone, minmay_pentomino_p4
D:2:      layout_loops_ring, shapermc_ecumenical_altar_venn, serial_shops,
          nicolae_shop_waterfront, basic_altar, serial_bayou_ford_a,
          uniq_sigmund, uniq_jessica, uniq_robin

Skill      XL: |  1  2 |
---------------+-------+-----
Spellcasting   | 3 |  3.1
Fighting       | |  0.3
Dodging        | |  2.3
Stealth        | |  1.7

Action                   || total
-------------------------++-------
 Cast: Foxfire           ||    67
       Scorch            ||     1
  Use: Potion            ||     1
Armor: Robe              ||     5
Dodge: Dodged            ||     6

Table legend: (Time is in decaauts)
 A = Elapsed time spent in this place.
 B = Non-inter-level travel time spent in this place.
 C = Inter-level travel time spent in this place.
 D = Time resting spent in this place.
 E = Time spent auto-exploring this place.
 F = Levels seen in this place.
 G = Mean time per level.
                   A        B        C        D        E       F      G
               +--------+--------+--------+--------+--------+-----+--------+
         Total |   1435 |   1407 |     28 |      0 |   1260 |   2 |  717.5 |
       Dungeon |   1435 |   1407 |     28 |      0 |   1260 |   2 |  717.5 |
               +--------+--------+--------+--------+--------+-----+--------+

Top non-repeatable levels by time:
     D:1: 1434 daAuts
     D:2: 1 daAuts
